 Dungeon Crawl Stone Soup version 0.26-a0-682-g294304f6e8 (webtiles) character file.

Game seed: 17549399713028521900

177 Asdor the Poker (level 5, -22/39 HPs)
             Began as a Demonspawn Gladiator on Oct 21, 2020.
             Annihilated by an ogre
             ... wielding a +0 giant club
              (33 damage)
             ... on level 4 of the Dungeon.
             The game lasted 00:09:50 (3489 turns).

Asdor the Poker (Demonspawn Gladiator)              Turns: 3489, Time: 00:09:50

Health: -22/39     AC:  4    Str: 15    XL:     5   Next: 30%
Magic:  5/5        EV: 13    Int: 12    God:
Gold:   126        SH:  0    Dex: 14    Spells: 4/4 levels left

rFire    . . .     SeeInvis +   a - +0 trident
rCold    . . .     Faith    .   (no shield)
rNeg     . . .     Spirit   .   b - +0 leather armour
rPois    .         Reflect  .   c - +0 helmet
rElec    .         Harm     .   (no cloak)
rCorr    .         Rampage  .   (no gloves)
MR       .....     Clarity  +   (no boots)
Stlth    +.........             (no amulet)
HPRegen  0.13/turn              (no ring)
MPRegen  0.09/turn              (no ring)

@: no status effects
A: see invisible, clarity, demonic guardian 1, powered by pain 1, big brain 1
a: no special abilities


You were on level 4 of the Dungeon.
You visited 1 branch of the dungeon, and saw 4 of its levels.

You collected 126 gold pieces.

Inventory:

Hand Weapons
 a - a +0 trident (weapon)
Missiles
 d - 2 throwing nets (quivered)
 q - 12 boomerangs
Armour
 b - a +0 leather armour (worn)
 c - a +0 helmet (worn)
Jewellery
 k - an uncursed ring of protection from cold
Wands
 l - a wand of random effects (25)
Scrolls
 e - a scroll of identify
 f - 2 scrolls of amnesia {unknown}
 g - 4 scrolls of fog
 h - 4 scrolls of remove curse
 i - 2 scrolls of fear
 j - a scroll of magic mapping {unknown}
 n - a scroll of teleportation {unknown}
 o - a scroll of enchant armour {unknown}
Potions
 m - a potion of magic
 p - a potion of haste
 r - a potion of mutation
 s - a potion of curing


   Skills:
 + Level 2.7 Fighting
 + Level 3.7 Polearms
 + Level 3.0 Throwing
 + Level 1.3 Armour
 + Level 3.2 Dodging


You had 4 spell levels left.
You didn't know any spells.
Your spell library contained the following spells:

 Spells                   Type           Power        Failure   Level
 Confusing Touch          Hex            #.......     77%         3
 Gell's Gravitas          Tloc           #.........   77%         3
 Petrify                  Tmut/Erth      #.......     99%         4
 Metabolic Englaciation   Hex/Ice        #.........   100%        5
 Yara's Violent Unravell  Hex/Tmut       #.........   100%        5


Dungeon Overview and Level Annotations

Branches:
Dungeon (4/15)
 Temple: D:4-7

Altars:
Fedhas

Annotations:
D:4 2 runed translucent doors


Innate Abilities, Weirdness & Mutations

A weak demonic guardian rushes to your aid.
You sometimes gain a little power by taking damage.
You have an unusually large brain. (Int +2)
You have supernaturally acute eyesight. (SInv)
You possess an exceptional clarity of mind.


Message History

You are too injured to fight recklessly!
You are too injured to fight recklessly!
You are too injured to fight recklessly!
You are too injured to fight recklessly!
You are too injured to fight recklessly!
You are too injured to fight recklessly!
You are too injured to fight recklessly!
You are too injured to fight recklessly!
You are too injured to fight recklessly!
You are too injured to fight recklessly!
You are too injured to fight recklessly!
Throwing (i - inventory. (/) - cycle)
d - 3 throwing nets (quivered)
Press: ? - help, Shift-Dir - straight line, f/p - ogre
Aim: an ogre, wielding a +0 giant club (lightly wounded)
You throw a throwing net.
The throwing net barely misses the ogre.
Your demonic guardian avoids your attack.
The ogre hits you with a +0 giant club!!
Ouch! That really hurt!
You die...

#[.....##.####.
#.≈≈.≈#≈#..)...........
##..#.⌠..#.........#....
#...≈.§.##.......#####..
...####++####..........###.
............#..........###.
#.........).#.##.......#...
##..... #...#.#............
#...... #.@................
#....5.##O......#...>..÷...
.......#....#..#...........
.......5##.##......#.......
......(###....#..#.........
.....####....##..#.........
.... ##......#............
... #.......##...........
## .##...................


You could see an ogre and a friendly iron imp (summoned).

Vanquished Creatures
  A centaur skeleton (D:4)
  A worker ant (D:4)
  3 adders (D:3)
  An ooze (D:3)
  3 worms
  4 dart slugs
  2 leopard geckos
  An orc (D:3)
  8 bats
  A goblin (D:3)
  7 hobgoblins
  4 jackals
  2 quokkas (D:4)
  4 ball pythons
  8 frilled lizards
  A jackal skeleton (D:4)
  7 kobolds
  9 rats
67 creatures vanquished.

Vanquished Creatures (collateral kills)
  A worker ant (D:4)
1 creature vanquished.

Grand Total: 68 creatures vanquished

Notes
Turn   | Place    | Note
-------+----------+-------------------------------------------
     0 | D:1      | Asdor the Demonspawn Gladiator began the quest for the Orb.
     0 | D:1      | Reached XP level 1. HP: 16/16 MP: 1/1
   162 | D:1      | Gained mutation: A weak demonic guardian rushes to your
                  | aid. [demonic ancestry]
   162 | D:1      | Reached XP level 2. HP: 22/22 MP: 2/2
   430 | D:1      | You fall into a shaft and drop 1 floor!
   549 | D:1      | Gained mutation: You possess an exceptional clarity of
                  | mind. [potion of mutation]
   549 | D:1      | Gained mutation: You have supernaturally acute eyesight.
                  | (SInv) [potion of mutation]
  1057 | D:2      | Gained mutation: You have an unusually large brain. (Int
                  | +2) [demonic ancestry]
  1057 | D:2      | Reached XP level 3. HP: 5/27 MP: 3/3
  2429 | D:3      | Reached XP level 4. HP: 21/33 MP: 4/4
  2856 | D:3      | Found a blossoming altar of Fedhas.
  2945 | D:3      | Reached skill level 1 in Armour
  3075 | D:4      | Found a large runed translucent door.
  3075 | D:4      | Found a large runed translucent door.
  3279 | D:4      | Gained mutation: You sometimes gain a little power by
                  | taking damage. [demonic ancestry]
  3279 | D:4      | Reached XP level 5. HP: 35/39 MP: 5/5
  3483 | D:4      | Noticed an ogre
  3489 | D:4      | Annihilated by an ogre

Illustrated notes

Levels and vault maps discovered:
D:1:      roderic_dead_forest, layout_basic, minmay_misc_feat_chi
D:2:      layout_loops_ring, minmay_pentomino_v2
D:3:      layout_loops_ring, old_standard_altar
D:4:      layout_cave_pools, ebering_ghost_disaster_area

Skill      XL: |  1  2  3  4 |
---------------+-------------+-----
Throwing       | 2 3 |  3.0
Polearms       | 3 |  3.7
Dodging        | 3 |  3.2
Armour         | 1 |  1.3
Fighting       | |  2.7

Action                   |  1- 3 |  4- 6 || total
-------------------------+-------+-------++-------
Melee: Trident           |   188 |    73 ||   261
Throw: Throwing net      |       |     2 ||     2
  Use: Scroll            |     3 |     4 ||     7
       Potion            |     2 |       ||     2
 Stab: Sleeping          |       |     2 ||     2
Armor: Leather armour    |    48 |    12 ||    60
Dodge: Dodged            |   103 |    41 ||   144

Table legend: (Time is in decaauts)
 A = Elapsed time spent in this place.
 B = Non-inter-level travel time spent in this place.
 C = Inter-level travel time spent in this place.
 D = Time resting spent in this place.
 E = Time spent auto-exploring this place.
 F = Levels seen in this place.
 G = Mean time per level.
                   A        B        C        D        E       F      G
               +--------+--------+--------+--------+--------+-----+--------+
         Total |   3521 |   3393 |    128 |    707 |   2156 |   4 |  880.2 |
       Dungeon |   3521 |   3393 |    128 |    707 |   2156 |   4 |  880.2 |
               +--------+--------+--------+--------+--------+-----+--------+

Top non-repeatable levels by time:
     D:3: 1120 daAuts
     D:2: 1009 daAuts
     D:1: 967 daAuts
     D:4: 423 daAuts
